 Seeded DCSS version 0.28-a0-724-g66f9036eb4 (webtiles) character file.

Game seed: 20211027 (custom seed)

25 Rennog the Skirmisher (level 2, 0/25 HPs)
             Began as a Demonspawn Chaos Knight on Oct 27, 2021.
             Was a Plaything of Xom.
             Killed from afar by a white imp (5 damage)
             ... with a puff of frost
             ... summoned by Xom
             ... on level 1 of the Dungeon.
             The game lasted 00:00:57 (1164 turns).

Rennog the Skirmisher (Demonspawn Chaos Knight)     Turns: 1164, Time: 00:00:57

Health: 0/25       AC:  5    Str: 12    XL:     2   Next: 82%
Magic:  2/2        EV: 11    Int: 13    God:    Xom [....*.]
Gold:   44         SH:  4    Dex: 12    Spells: 1/1 levels left

rFire   . . .      SeeInvis .   a - +0 short sword (chaos)
rCold   . . .      Faith    .   (no shield)
rNeg    . . .      Spirit   .   b - +2 leather armour
rPois   .          Reflect  .   (no helmet)
rElec   .          Harm     .   (no cloak)
rCorr   .          Rampage  .   (no gloves)
Will    .....                   (no boots)
Stlth   +.........              (no amulet)
HPRegen 0.08/turn               (no ring)
MPRegen 0.08/turn               (no ring)

@: no status effects
A: large bone plates 1
a: Renounce Religion


You were on level 1 of the Dungeon.
You worshipped Xom.
You were a beloved toy of Xom.
You visited 1 branch of the dungeon, and saw 1 of its levels.

You collected 44 gold pieces.

Inventory:

Hand Weapons
 a - a +0 short sword of chaos (weapon)
Armour
 b - a +2 leather armour (worn)
Scrolls
 c - a scroll of immolation {unknown}
 d - a scroll of identify {unknown}
Potions
 e - a potion of attraction {unknown}


   Skills:
 + Level 4.1 Fighting
 - Level 2.6 Short Blades
 - Level 1.7 Armour
 - Level 0.8 Dodging


You had one spell level left.
You didn't know any spells.
Your spell library was empty.

Dungeon Overview and Level Annotations

Branches:
Dungeon (1/15)

Altars:

Shops:
D:1 (


Innate Abilities, Weirdness & Mutations

You are partially covered in large bone plates. (SH +4)


Message History

You kill the rat!
No target in view!
No target in view!
No target in view!
No target in view!
No target in view!
No target in view!
No target in view!
No target in view!
No target in view!
You see here a hobgoblin corpse.
Key pressed, stopping explore.
You open the door.
There is an open door here.
Key pressed, stopping explore.
As you open the door, it creaks loudly!
There is an open door here. "Let's see if it's strong enough to survive yet."
You closely miss the white imp. The ufetubus hits you.
The ufetubus barely misses you. The white imp barely misses you.
You hit the white imp. You burn the white imp.
The white imp is moderately wounded.
The ufetubus barely misses you.
The ufetubus hits you but does no damage.
The white imp gestures at you. The puff of frost hits you!
The ufetubus misses you.
The ufetubus hits you but does no damage.
The ufetubus hits you but does no damage.
The ufetubus closely misses you. The white imp gestures at you.
The puff of frost hits you.
The white imp picks up a beetle and eats it.
The white imp gestures at you. The puff of frost hits you.
* * * LOW HITPOINT WARNING * * *
The ufetubus hits you but does no damage. x2
The white imp gestures at you. The puff of frost hits you.
You die... "This toy is broken."

#..#...PP...P..'.........#
#..#.......P...#......##.#
#...#....P...#.#......##.#
#...#P.⌠⌠....#.#########.#
#...#.....PP.#.#########.###
##..#....≈..P...............
#.PP#.#..#..#.#########.##.
#PP.#_#..#....# #.##.
#..P######@...#########.##.
#PPP.#....5.#..............
#....#5.....#.############.
###...........# #.
#.########### #. # #. #. #.
##


You could see a white imp (summoned) and an ufetubus (summoned).

Vanquished Creatures
  A dart slug (D:1)
  A ball python (D:1)
  An endoplasm (D:1)
  2 giant cockroaches (D:1)
  3 goblins (D:1)
  4 hobgoblins (D:1)
  5 kobolds (D:1)
  A bat (D:1)
  A frilled lizard (D:1)
  2 rats (D:1)
21 creatures vanquished.

Notes
Turn   | Place    | Note
-------+----------+-------------------------------------------
     0 | D:1      | Rennog the Demonspawn Chaos Knight began the quest for the
                  | Orb.
     0 | D:1      | Reached XP level 1. HP: 18/18 MP: 1/1
     9 | D:1      | Found Septann's Antique Weapon Shoppe.
   217 | D:1      | XOM: silly message
   226 | D:1      | Gained mutation: You are partially covered in large bone
                  | plates. (SH +4) [demonic ancestry]
   226 | D:1      | Reached XP level 2. HP: 19/24 MP: 2/2
   251 | D:1      | XOM: silly message
   405 | D:1      | Found a faded altar of an unknown god.
   665 | D:1      | XOM: cast spell 'Summon Small Mammal'
   827 | D:1      | Reached skill level 4 in Fighting
  1159 | D:1      | XOM: summons 2 hostile demons
  1164 | D:1      | Killed from afar by a white imp

Illustrated notes

Levels and vault maps discovered:
D:1:      amcnicky_arrival_gap_in_the_tavern_cellar, layout_basic,
          shapermc_ecumenical_altar_mp_ritualfount, serial_shops, shop

Skill      XL: |  1  2 |
---------------+-------+-----
Fighting       | 4 |  4.1
Short Blades   | |  2.6
Armour         | |  1.7
Dodging        | |  0.8

Action                   || total
-------------------------++-------
Melee: Short sword       ||    66
 Stab: Paralysed         ||     1
Armor: Leather armour    ||    29
Dodge: Dodged            ||    36
Block: Other             ||     9

Table legend: (Time is in decaauts)
 A = Elapsed time spent in this place.
 B = Non-inter-level travel time spent in this place.
 C = Inter-level travel time spent in this place.
 D = Time resting spent in this place.
 E = Time spent auto-exploring this place.
 F = Levels seen in this place.
 G = Mean time per level.
                   A        B        C        D        E       F      G
               +--------+--------+--------+--------+--------+-----+--------+
         Total |   1162 |   1162 |      0 |      0 |   1008 |   1 | 1162.0 |
       Dungeon |   1162 |   1162 |      0 |      0 |   1008 |   1 | 1162.0 |
               +--------+--------+--------+--------+--------+-----+--------+

Top non-repeatable levels by time:
     D:1: 1162 daAuts
